AoeStats
← Nao do Conta de Trabaia

Arena

505913542Analyzed
2v2 RM · 21d ago on Sep 11, 2026· 27m 31s· 4 players
Game mode
Random Map
Map size
Medium (4 player)
Population
200
Speed
Normal
Resources
Standard
Victory
Conquest
Starting age
Dark Age
Ending age
Imperial Age
RankedLock teamsTeams togetherTeam positionsShared explorationLock speedFull tech treeHidden civsTurbo modeCheats
Victory
Defeat
🇧🇷 Malians · Brazil
1223
+14
🇷🇺 Cumans · Russia
1203
+15
🇦🇷 Khmer · Argentina
1194
-14
🇹🇼 Muisca · Taiwan
1183
-15
Wick
9:33 Feudal Age
12:33 Castle Age
10:46 Double-Bit Axe
13:51 Bow Saw
13:42 Horse Collar
24:37 Wheelbarrow
24:07 Heavy Plow
25:05 Gold Mining
25:39 Bloodlines
26:28 Scale Barding Armor
26:34 Forging
Panzer酒桃
11:52 Feudal Age
13:51 Double-Bit Axe
16:14 Castle Age
15:40 Loom
20:55 Imperial Age
23:28 Horse Collar
Nao do Conta de Trabaia
10:08 Feudal Age
14:09 Castle Age
17:44 Double-Bit Axe
19:18 Loom
20:46 Scale Mail Armor
27:39 Forging
TRMA | Zelfou
6:36 Loom
9:46 Feudal Age
10:39 Double-Bit Axe
10:41 Horse Collar
14:16 Town Watch
16:33 Wheelbarrow
20:14 Castle Age
18:13 Gold Mining
19:40 Scale Barding Armor
19:45 Forging
21:05 Bow Saw
21:18 Chain Barding Armor
21:01 Stone Mining
22:07 Bloodlines
22:00 Loom
25:41 Fletching
Connection lost

Rejoining the realm…

Still unreachable

The connection could not be restored.

Session expired

The server has moved on; the page needs a fresh start.